Cogmind - Beta 15 *** ADVENTURER MODE // 2025.07.27 @ 16:58:43 Player: LegoMDS Result: Destroyed by YA-OLL(R) with Subdweller Machine Gun Performance ------------- Evolutions (0) 0 Regions Visited (2) 400 Robots Destroyed (23) 115 Value Destroyed (687) 687 Prototype IDs (3) 60 Alien Tech Used (0) 0 Bonus (0) 0 TOTAL SCORE: 1262 Bonus ------- None Cogmind --------- Core Integrity 0/250 Matter 267/300 Energy 100/100 System Corruption 0% Temperature Cool (0) Movement Core (900) Ox17 Location -10/Subcaves Parts ------- > --- POWER (1) -------- Subdweller Power Source > --- PROPULSION (2) --- Subdweller Monowheel Subdweller Monowheel > --- UTILITY (2) ------ High-capacity Storage Unit Gun Armor > --- WEAPON (2) ------- Barrage Gun Makeshift Shrapnel Gun > --- INVENTORY (20) --- Subdweller Power Source Subdweller Monowheel Subdweller Monowheel High-capacity Battery (250) Medium Matter Pod (100) Subdweller Optics Subdweller Optics Subdweller Optics Makeshift Light Armor Plating Scrap Shield Makeshift System Shield Makeshift System Restoration Module Subdweller Laser Subdweller Laser Subdweller Machine Gun Subdweller Machine Gun Subdweller Machine Gun Battle Cannon Makeshift Sword Peak State ------------ > --- POWER ------------ Light Nuclear Core > --- PROPULSION ------- Subdweller Monowheel Subdweller Monowheel > --- UTILITY ---------- High-capacity Storage Unit Gun Armor > --- WEAPON ----------- EM Pulse Gun Battle Cannon Mining Laser Flamer > --- INVENTORY -------- Subdweller Power Source Scrap Shield Subdweller Laser Subdweller Machine Gun SUBCON Basin [Rating: 42] Favorites ----------- Power Subdweller Power Source Engine Subdweller Power Source Power Core Light Nuclear Core Propulsion Subdweller Monowheel Treads Light Treads Leg Aluminum Leg Wheel Subdweller Monowheel Utility High-capacity Storage Unit Storage High-capacity Storage Unit Protection Gun Armor Weapon Makeshift Shrapnel Gun Energy Gun EM Pulse Gun Energy Cannon Subdweller Beam Cannon Ballistic Gun Makeshift Shrapnel Gun Ballistic Cannon Battle Cannon Special Weapon Mining Laser Build | -11 -10 -10 ------- Run | Yrd Mat Sub Slots Evolved . | . . . Power . | . . . Propulsion . | . . . Utility . | . . . Weapon . | . . . Parts Attached 32 | 9 5 18 Power 4 | 2 . 2 Engine 3 | 2 . 1 Core 1 | . . 1 Reactor . | . . . Propulsion 9 | 4 . 5 Treads 3 | 2 . 1 Leg 2 | 2 . . Wheel 4 | . . 4 Hover . | . . . Flight . | . . . Utility 7 | 1 3 3 Device . | . . . Storage 3 | 1 1 1 Processor . | . . . Hackware . | . . . Protection 4 | . 2 2 Artifact . | . . . Weapon 12 | 2 2 8 Energy Gun 3 | 1 1 1 Energy Cannon 1 | . . 1 Ballistic Gun 5 | 1 1 3 Ballistic Cannon 1 | . . 1 Launcher . | . . . Special Weapon 2 | . . 2 Impact Weapon . | . . . Slashing Weapon . | . . . Piercing Weapon . | . . . Special Melee Weapon . | . . . Unidentified Prototypes 1 | . . 1 Parts Lost 9 | . 1 8 Power 1 | . . 1 Propulsion 2 | . . 2 Utility 1 | . 1 . Weapon 5 | . . 5 Highest Loss Streak 4 | . 1 4 To Critical Strikes 1 | . . 1 Average Backups 15 | 2 6 17 Power . | . 1 . Propulsion 1 | . . 1 Utility 7 | . 2 8 Weapon 5 | . 2 6 Tool/Special . | . . . Unused Backups 17 | . 1 16 Power 1 | . . 1 Propulsion . | . . . Utility 10 | . 1 9 Weapon 6 | . . 6 Tool/Special . | . . . Average Slot Usage (%) 97 | . 98 97 Engine 10 | . 14 9 Core 2 | . . 3 Treads 5 | . 28 1 Wheel 20 | . . 24 Storage 13 | . 14 13 Protection 13 | . 12 13 Energy Gun 5 | . 14 3 Ballistic Gun 16 | . 14 17 Ballistic Cannon 3 | . . 3 Special Weapon 3 | . . 4 Peak Build Rating 42 | 6 8 42 Average Rating 21 | 4 7 24 On Entrance 4 | . 6 7 Naked Turns . | . . . Heaviest Build 59 | 12 51 59 Greatest Support 40 | 40 40 40 Greatest Overweight (x) 17 | 1 1 17 Average Overweight (x) 3 | . . 4 Largest Inventory Capacity 20 | 8 20 20 Average Capacity 18 | 6 13 20 Most Carried 20 | 5 8 20 Average Carried 16 | 2 6 18 Final Capacity 20 | 8 20 20 Final Carried 20 | 2 7 20 Class Distribution -------------------- 81% | Mutant 18% | Gunner Dominant Class ---------------- Mutant | -10/Materials Mutant | -10/Subcaves Resources | -11 -10 -10 ----------- Run | Yrd Mat Sub Matter Collected 785 | 221 174 390 Remotely . | . . . Salvage Created 705 | . 324 381 Parts 40 | . 23 17 Haulers Intercepted . | . . . Recyclers Shooed 1 | . 1 . Parts Field Recycled . | . . . Retrieved Matter . | . . . Parts Self-Destructed 2 | . . 2 Prevented . | . . . Kills | -11 -10 -10 ------- Run | Yrd Mat Sub Combat Hostiles Destroyed 22 | . 11 11 Guns 14 | . 11 3 Cannons 8 | . . 8 Classes Destroyed 5 | . 3 2 Builder 1 | . 1 . Swarmer 6 | . 6 . Grunt 6 | . 5 1 Sentry 1 | . . 1 Subdweller 9 | . . 9 Best Kill Streak 6 | . 6 2 Combat Bots Only 6 | . 6 2 Max Kills in Single Turn 2 | . 2 1 Gunslinging 1 | . 1 . Exploded . | . . . Melee . | . . . Uniques/NPCs Destroyed . | . . . Combat | -11 -10 -10 -------- Run | Yrd Mat Sub Hostile Shots Fired 180 | . 87 93 Missed 49 | . 23 26 Hits 131 | . 64 67 Projectile 131 | . 64 67 Critical Strikes 5 | . 2 3 Actively Blocked 1 | . . 1 Damage Taken 1447 | . 432 1015 Core 267 | . 64 203 Absorbed by Shields . | . . . Redirected to Shielding 29 | . 4 25 Ignored by Resistances 426 | . 144 282 Core Remaining (%) 100 | 100 . . Volleys Fired 96 | . 41 55 Largest 4 | . 2 4 Hottest 273 | . 70 273 Shots Fired 170 | . 76 94 Gun 125 | . 76 49 Cannon 36 | . . 36 Launcher . | . . . Special 9 | . . 9 Kinetic 80 | . 41 39 Thermal 63 | . 35 28 Explosive . | . . . Electromagnetic 27 | . . 27 Robot Hit Streak 25 | . 13 25 Robot Miss Streak 4 | . 4 2 Penetration Max . | . . . Secondary Targets 5 | . 4 1 Max Gunslinging Chain 1 | . 1 1 Shots Hit Robots 129 | . 57 72 Core Hits 44 | . 25 19 Critical Kills . | . . . Critical Parts Destroyed . | . . . Critical Strikes 1 | . . 1 Corrupt 1 | . . 1 Melee Attacks . | . . . Impact . | . . . Slashing . | . . . Piercing . | . . . Sneak Attacks . | . . . Combat Hostiles . | . . . Follow-up Attacks . | . . . Damage Inflicted 1788 | . 576 1212 Guns 1084 | . 576 508 Cannons 648 | . . 648 Explosions . | . . . Melee . | . . . Ramming . | . . . Kinetic 863 | . 238 625 Thermal 741 | . 338 403 Explosive . | . . . Electromagnetic 184 | . . 184 Impact . | . . . Slashing . | . . . Piercing . | . . . Highest Corruption . | . . . Average Corruption . | . . . Corruption Purged . | . . . Corruption Blocked . | . . . Overload Shots . | . . . Overflow Damage . | . . . Projectiles . | . . . Explosions . | . . . Melee . | . . . Knockbacks 3 | . . 3 Impact . | . . . Kinetic 3 | . . 3 Secondary . | . . . Self-Inflicted Damage . | . . . Shots . | . . . Rammed . | . . . Targets Rammed . | . . . Kicked . | . . . Crushed . | . . . Highest Temperature 278 | . 278 210 Average Temperature 73 | . 89 42 Received Heat Transfer 661 | . 141 520 Siege Activations . | . . . Martial Activations . | . . . Shielding Activations . | . . . Robots Disrupted . | . . . Combat Hostiles . | . . . Robots Corrupted . | . . . Combat Hostiles . | . . . Parts Fried . | . . . Impact Corruptions . | . . . Robots Melted . | . . . Combat Hostiles . | . . . Parts Melted 4 | . 1 3 Heat Transferred 1750 | . 905 845 Parts Sabotaged . | . . . Parts Stolen . | . . . Parts Stripped . | . . . Power Chain Reactions . | . . . Alert | -11 -10 -10 ------- Run | Yrd Mat Sub Maximum Alert Level . | . . . Low Security (%) 100 | 100 100 . Level 1 . | . . . Level 2 . | . . . Level 3 . | . . . Level 4 . | . . . Level 5 . | . . . High Security . | . . . Max Security . | . . . Peak Influence 120 | . 120 . Initial . | . . . Average 38 | . 42 . Influence Increases 309 | . 269 40 Destroy 0b10 Robot/C 260 | . 220 40 Destroy 0b10 Robot/NC 5 | . 5 . Destroy Leader 40 | . 40 . Successful Hack 4 | . 4 . Influence Decreases 309 | . 269 40 Time Decay 299 | . 259 40 Lost Part 10 | . 10 . Squads Dispatched 1 | . 1 . Investigation 1 | . 1 . Extermination . | . . . Reinforcement . | . . . Assault . | . . . Garrison . | . . . Intercept . | . . . Searches Triggered . | . . . Construction Impeded . | . . . Haulers Reinforced . | . . . Active Scanning Responses . | . . . Cargo Convoy Interrupts . | . . . Stealth | -11 -10 -10 --------- Run | Yrd Mat Sub Distress Signals 1 | . 1 . Communications Jammed . | . . . Distress Signals . | . . . Times Spotted 30 | . 17 13 Peak Tracking Total 8 | . 8 3 Tactical Retreats . | . . . Traps | -11 -10 -10 ------- Run | Yrd Mat Sub Traps Triggered . | . . . Indirectly . | . . . Trap Hack Attempts . | . . . Triggered . | . . . Disarmed . | . . . Reprogrammed . | . . . Reused . | . . . Traps Extracted . | . . . Installed 1 | . . 1 Triggered . | . . . Most Traps Carried 1 | . . 1 Machines | -11 -10 -10 ---------- Run | Yrd Mat Sub Machines Disabled . | . . . Max in Single Turn . | . . . Machines Repaired . | . . . Machines Dismantled . | . . . Machines Sabotaged . | . . . Overloaded Fab Kills . | . . . Hacking | -11 -10 -10 --------- Run | Yrd Mat Sub Machines Accessed 5 | . 3 2 Terminals 3 | . 3 . Fabricators . | . . . Repair Stations . | . . . Recycling Units . | . . . Scanalyzers . | . . . Garrison Access . | . . . Total Hacks 13 | . 10 3 Successful 6 | . 3 3 Failed 7 | . 7 . Catastrophic . | . . . Database Lockouts . | . . . Manual . | . . . Terminals 10 | . 10 . Fabricators . | . . . Repair Stations . | . . . Recycling Units . | . . . Scanalyzers . | . . . Garrison Access . | . . . Terminal Hacks 6 | . 3 3 Record 1 | . . 1 Prototype ID Bank 1 | . 1 . Open Door 1 | . . 1 Hauler Manifests 1 | . 1 . Zone Layout 1 | . 1 . Release Object 1 | . . 1 Fabricator Hacks . | . . . Repair Station Hacks . | . . . Recycling Unit Hacks . | . . . Scanalyzer . | . . . Garrison Access Hacks . | . . . Unauthorized Hacks . | . . . Terminals . | . . . Fabricators . | . . . Repair Stations . | . . . Recycling Units . | . . . Scanalyzers . | . . . Garrison Access . | . . . Data Cores Recovered . | . . . Used . | . . . Hacking Detections 3 | . 3 . Full Trace Events 3 | . 3 . Feedback Events . | . . . Feedback Blocked . | . . . Robot Schematics Acquired . | . . . Robots Built . | . . . Authchips . | . . . Time . | . . . Total Robot Build Rating . | . . . Part Schematics Acquired . | . . . Parts Built . | . . . Authchips . | . . . Time . | . . . Total Part Build Rating . | . . . Parts Repaired . | . . . Time . | . . . Parts Recycled . | . . . Recycled Matter . | . . . Retrieved Matter . | . . . Retrieved Components . | . . . Parts Scanalyzed . | . . . Part Schematics Acquired . | . . . Parts Damaged . | . . . Bothacking | -11 -10 -10 ------------ Run | Yrd Mat Sub Used RIF Installer . | . . . Robots Hacked . | . . . Non-combat . | . . . Combat . | . . . Robot Hacks Applied . | . . . Relay Couplers Released . | . . . Fabnet Peak Effective % . | . . . Robots Rewired . | . . . Allies Hacked . | . . . Hacks Repelled . | . . . Allies | -11 -10 -10 -------- Run | Yrd Mat Sub Total Allies . | . . . Largest Group . | . . . Highest-Rated Group . | . . . Highest-Rated Ally . | . . . Total Orders . | . . . Ally Attacks . | . . . Total Damage . | . . . Kills . | . . . Allies Corrupted . | . . . Allies Melted . | . . . Intel | -11 -10 -10 ------- Run | Yrd Mat Sub Active Infowar (turns) . | . . . Robot Analysis Total . | . . . Derelict Logs Recovered 1 | . . 1 Drone Launches . | . . . Drone Recoveries . | . . . Exploration | -11 -10 -10 ------------- Run | Yrd Mat Sub Turns Passed 4435 | 78 704 3653 Spaces Moved 1560 | 48 296 1216 Core 247 | 15 . 232 Treads 376 | 25 296 55 Legs 8 | 8 . . Wheels 929 | . . 929 Hover . | . . . Flight . | . . . Fastest Speed 50 | 50 160 120 Average Speed 258 | 122 195 279 Slowest Speed 900 | 160 240 900 Overloaded Moves . | . . . Propulsion Burnouts . | . . . Robots Hopped . | . . . Potential Cave-ins . | . . . Cave-ins Triggered . | . . . Exploration Rate (%) 40 | 5 47 68 Regions Visited 2 Branch Regions 1 Pre-discovered Areas 1 | . . 1 Known Exits Taken . | . . . Unknown Exits Taken 2 | 1 1 . Scrap Searched 9 | . . 9 Spaces Dug . | . . . Terrain Destroyed . | . . . Melee . | . . . Projectile . | . . . AOE . | . . . Terrain Rammed . | . . . Walls Destroyed . | . . . Machines Disabled . | . . . Actions | -11 -10 -10 --------- Run | Yrd Mat Sub Total 1805 | 68 357 1380 Wait 9 | . . 9 Move 1558 | 47 295 1216 Hop . | . . . Pick Up 65 | 10 10 45 Fast Attach 2 | . . 2 Attach 20 | 8 2 10 Detach 1 | . . 1 Swap 14 | 1 4 9 Drop 35 | 2 5 28 Fire 96 | . 41 55 Melee . | . . . Ram . | . . . Kick . | . . . Crush . | . . . Escape Stasis . | . . . Rewire 3 | . . 3 Trap 1 | . . 1 Miscellaneous 1 | . . 1 Route ------- -11/Scrapyard -10/Materials (discovered 2 exits: [*Mat] / *Sub) -10/Subcaves (discovered 1 exit: [*Mat]) History --------- Turn | Location | Event 2 | -11/Scrapyard | Met Revision 17 28 | -11/Scrapyard | Discovered new exit (range 13) 79 | -11/Scrapyard | Entered Materials 302 | -10/Materials | Build established: Mutant 673 | -10/Materials | Discovered new exit (range 12) 771 | -10/Materials | Discovered new exit (range 6) 783 | -10/Materials | Entered Subcaves 788 | -10/Subcaves | Learned Materials emergency access door positions 909 | -10/Subcaves | A Subdweller sparked back to life 909 | -10/Subcaves | A Subdweller sparked back to life 909 | -10/Subcaves | A Subdweller sparked back to life 923 | -10/Subcaves | Found Prototype Protection 933 | -10/Subcaves | Core integrity fell below 50% 975 | -10/Subcaves | Lost 4 parts (2n2w) 1171 | -10/Subcaves | Shifting Twisted Machinery released Battle Cannon 1295 | -10/Subcaves | Identified Gun Armor 1296 | -10/Subcaves | Attached Gun Armor, gained temporary slots: Weapon x2 1593 | -10/Subcaves | Build established: Gunner 1640 | -10/Subcaves | Discovered new exit (range 16) 1734 | -10/Subcaves | Found SUBCON Basin 1792 | -10/Subcaves | Released subatomizers from SUBCON Basin 1896 | -10/Subcaves | Learned location of Zion (-7) 1896 | -10/Subcaves | Met a Zionite searching for "candidates" 1960 | -10/Subcaves | Core integrity fell below 20% 2213 | -10/Subcaves | Disturbed a concealed Subdweller 2434 | -10/Subcaves | Build established: Mutant 4436 | -10/Subcaves | Destroyed by YA-OLL(R) with Subdweller Machine Gun Last Messages --------------- Acquired Mak. Sword. Dropped Hcp. Storage Unit. Acquired Mak. System Shield. Dropped Hcp. Storage Unit. Subatomizers dissect the Battle Cannon. Acquired 6 matter. Acquired 4 matter. Subatomizers dissect the Battle Cannon. Sub. Monowheel shoots sparks and powers down. B9-U23(u) builds Twisted Machinery. Dropped Grenade Launcher. Acquired Barrage Gun. Dropped Broken Sub. Monowheel. Acquired Spk. Treads. Dropped Spk. Treads. Acquired Broken Sub. Monowheel. Sub. Monowheel shoots sparks and powers down. Sub. Power Source shoots sparks and powers down. 5V-K24(u) tweaks Twisted Machinery. Acquired 16 matter. Map ----- +----------------------------------------------------+ | ???????????????????????????????????????????????? | | ???????????????????????????????????????????????? | | ???????????????????????????????????????????????? | | ???????????????????????????????????????????????? | | ???????????????????????????????????????????????? | | ???????????????????????????????????????????????? | | ???????????????????????????????????????????????? | | ???????????????????????????????????????????????? | | ????????????????????????? ????????????????????? | | ???????????????????????? #???????????????????? | | ???????????????????????# ???????????????????? | | ???????????????????#### ???????????????????? | | ?????????????????? ???????????????????? | | ?????????????????? ?#??????????????????? | | ??????????????????# #??????????????????? | | ??????????????????# ? #??????????????????? | | ???????????????#### ##? #??????????????????? | | ??????????????## # ## #??????????????????? | | ??????????????# #R#R #??????????????????? | | ??????????????# #????????????????????? | | ??????????????# ##????????????????????? | | ??????????????# # #????????????????????? | | ??????????????## ### #????????????????????? | | ???????????????## ##?? ##????????????????????? | | ???????????????## #### #????????????????????? | | ???????????????# @ ##????????????????????? | | ???????????????# #?????????????????????? | | ???????????????# #?????????????????????? | | ??????????????## ## # #?????????????????????? | | ??????????????# ###### ##????????????????????? | | ?????????????## ## ### #????????????????????? | | ?????????????# ## #????????????????????? | | ?????????#####" ## #????????????????????? | | ?????????# #"" #????????????????????? | | ?????????# #?#######????????????? | | ?????????# # ###"" #????????????? | | ?????????# #" #### ## " #????????????? | | ?????????## ## ##??## & ##???????????? | | ?????????? ??# #????## #???????????? | | ?????????"???## #????## # & ####????####? | | ????????"?????# ##????# ### ###### #? | | ?????????????## ####### #?##### ## ## #? | | ?????????????# # # #?????#### #? | | ?????????????### ##??????# ## | | ???????????????# #??????# | | ???????????????### ## #??###### | | ?????????????????#### ##### #?### # # | | ????????????????????# ### #???# ## ### | | ????????????????????# ## #???#### #?### | | ????????????????##### #?# #?????# #???? | +----------------------------------------------------+ Best States ------------- Heat Dissipation 25 Energy Generation 15 Energy Capacity 250 Matter Stores 300 Matter Capacity 300 Sight Range 16 Terrain Scan Density 10 Armor Coverage 150 Resistance: KI 20 Resistance: TH 20 Resistance: EX 20 Resistance: EM 20 Resistance: I 20 Resistance: S 20 Resistance: P 20 Core Shielding 20 Evasion (%) 50 Recoil Reduction 2 Offensive Hacking 10 Item Schematics ----------------- None Robot Schematics ------------------ None Fabricated ------------ Nothing Repaired ---------- Nothing Alien Tech Used ----------------- None Achievements -------------- None Challenges ------------ None Game ------ Seed TerrainWeaponDriver Manual? 0 Play Time 00:17:30 Cumulative 84.4 hours Start 2025.07.27 @ 16:41:55 End 2025.07.27 @ 16:58:43 Sessions 1 Manual Loads 0 Difficulty Adventurer Special Mode None Game No. 110 Rogue 13 Adventurer 97 Explorer 0 Win Type - Total 0 Types 0/0/0/0/0/0/0/0/0/0 Lore% 63 Gallery% 59 Achievement% 46 Wizard Run 0 Options --------- Layout 1 ASCII 0 Keyboard 0 Movement Mouse Keybinds 0 Fullscreen 1 Font 32/SmallcapsGlow Map View 50x35 Zoom Use 0% Tactical HUD 0 Map Filters NONE Filters NONE Steam 1 RUN: d3cb6bb4-a3b5-4ed9-b573-d43540fe2a53